 Dungeon Crawl Stone Soup version 0.32-a0-643-ga006e7742e (webtiles) character file.

Game seed: 12647009046793947244

36468 dolemite99 the Cardsharp (level 13, 0/101 HPs)
             Began as a Demonspawn Shapeshifter on Mar 7, 2024.
             Was a High Priest of Nemelex Xobeh.
             Slain by a skyshark (46 damage)
             ... on level 5 of the Lair of Beasts.
             The game lasted 00:33:49 (18910 turns).

dolemite99 the Cardsharp (Demonspawn Shapeshifter) Turns: 18910, Time: 00:33:50

Health: 0/101      AC: 14    Str: 18    XL:     13   Next: 53%
Magic:  23/23      EV:  2    Int: 11    God:    Nemelex Xobeh [*****.]
Gold:   1890       SH:  0    Dex: 20    Spells: 12/12 levels left

rFire   . .          .
                       - Unarmed
rCold   . . .        (shield currently unavailable)
rNeg    . . .        n - melded +0 animal skin
rPois   .            r - +0 helmet
rElec   .            m - +2 cloak
rCorr   .            l - +0 pair of gloves
SInv    .            f - +2 pair of boots {Fly}
Will    .....        s - amulet of regeneration
Stlth   +            D - +4 ring of protection
HPRegen 1.16/turn    Q - +6 ring of dexterity
MPRegen 0.18/turn

%: no passive effects
@: flux-form, sleeping, flying, glowing
A: glow, contaminating, hooves 2, yellow scales 1, ignite blood 2, spiny 2
a: Begin Untransformation, Renounce Religion, Draw Escape, Draw Destruction,
Draw Summoning, Triple Draw, Deal Four, Stack Five


You were on level 5 of the Lair of Beasts.
You worshipped Nemelex Xobeh.
Nemelex Xobeh was extremely pleased with you.
You were something dangerously unstable.
You visited 3 branches of the dungeon, and saw 17 of its levels.
You also visited: Ossuary.

You collected 1890 gold pieces.

Inventory:

Hand Weapons
 a - a +2 heavy shortbow
Missiles
 j - 2 throwing nets
 k - 11 boomerangs (quivered)
 C - 3 curare-tipped darts
 E - 13 poisoned darts
 O - 3 javelins
Armour
 f - a +2 pair of boots of flying (worn)
 l - a +0 pair of gloves (worn)
 m - a +2 cloak (worn)
 n - a +0 animal skin (melded)
 r - a +0 helmet (worn)
Jewellery
 s - an amulet of regeneration (around neck)
 y - a ring of wizardry
 D - a +4 ring of protection (left hand)
 G - a ring of willpower
 Q - a +6 ring of dexterity (right hand)
 T - an amulet of the acrobat
Talismans
 c - a beast talisman
 d - a flux talisman (active)
Wands
 u - a wand of flame (6)
 w - a wand of quicksilver (5)
 M - a wand of digging (8)
 R - a wand of charming (14)
Scrolls
 h - 2 scrolls of teleportation
 i - 4 scrolls of amnesia
 o - 2 scrolls of poison
 v - 5 scrolls of revelation
 z - a scroll of vulnerability
 A - 2 scrolls of fog
 B - 6 scrolls of torment
 F - 2 scrolls of noise
 K - a scroll of immolation
 P - 3 scrolls of enchant armour
 S - 2 scrolls of identify {@r1}
Potions
 b - 8 potions of curing
 e - 6 potions of enlightenment
 g - 4 potions of might
 p - 4 potions of cancellation
 q - 5 potions of haste
 t - 3 potions of attraction {unknown}
 x - 2 potions of lignification
 H - 3 potions of brilliance
 I - 2 potions of ambrosia {unknown}
 J - 5 potions of heal wounds
 N - 3 potions of magic


   Skills:
 - Level 9.4 Fighting
 + Level 8.6 Dodging
 + Level 9.8 Unarmed Combat
 + Level 14.1 Invocations
 - Level 4.5 Evocations
 + Level 10.8 Shapeshifting


You had 12 spell levels left.
You didn't know any spells.
Your spell library contained the following spells:

 Spells                   Type           Power      Damage    Failure   Level
 Apportation              Tloc           0%         N/A       34%         1
 Necrotise                Necr           0%         1d4       34%         1
 Sting                    Conj/Alch      0%         1d3       34%         1
 Summon Small Mammal      Summ           0%         N/A       34%         1
 Call Imp                 Summ           0%         N/A       47%         2
 Scorch                   Fire           0%         2d5       47%         2
 Sublimation of Blood     Necr           0%         N/A       47%         2
 Call Canine Familiar     Summ           0%         N/A       71%         3
 Hailstorm                Conj/Ice       0%         3d5       71%         3
 Summon Ice Beast         Ice/Summ       0%         N/A       71%         3
 Flame Wave               Conj/Fire      0%         2d4       98%         4
 Petrify                  Alch/Erth      0%         N/A       98%         4
 Summon Blazeheart Golem  Fire/Summ      0%         N/A       98%         4
 Irradiate                Conj/Alch      0%         3d11      100%        5
 Sculpt Simulacrum        Ice/Alch       0%         N/A       100%        6
 Summon Cactus Giant      Summ           0%         N/A       100%        6
 Summon Hydra             Summ           0%         N/A       100%        7


Dungeon Overview and Level Annotations

Branches:
Dungeon (11/15)            Temple (1/1) D:5            Lair (5/5) D:11
 Shoals (0/4) Lair:2       Spider (0/4) Lair:3        Slime (0/5) Lair:5
    Orc (0/2) D:10        Ossuary (visited)

Altars:
Ashenzari
Cheibriados
Dithmenos
Fedhas
Gozag
Hepliaklqana
Kikubaaqudgha
Makhleb
Nemelex Xobeh
Okawaru
Qazlal
Ru
Sif Muna
Trog
Uskayaw
Vehumet
Wu Jian
Xom
Yredelemnul

Annotations:
D:7 3 runed translucent doors, Posi's ghost, novice MiFi
D:10 1 transporter
Lair:2 3 runed translucent doors, exclusion: oklob plant, occam's ghost, journeyman CoGl


Innate Abilities, Weirdness & Mutations

You are something dangerously unstable.
You glow with magical radiation, making you easy to see and hit.
Foes you strike become dangerously contaminated with magical radiation.
You are incapable of wielding weapons or throwing items.
You have hoof-like feet.
You are partially covered in yellow scales. (AC +2)
Your demonic aura often causes spilled blood to erupt in flames.
You are mostly covered in sharp spines.


Message History

You fall asleep.
The skyshark bites you!!!
You wake up.
Ouch! That really hurt!
The skyshark enters a blood-rage!
The skyshark tail-slaps you. The skyshark barely misses you.
A dream sheep comes into view. x2
Aiming: Mindburst
Press: ? - help, Shift-Dir - straight line, f/p - skyshark
Aim: a skyshark (moderately wounded, berserk, chance to affect: 66%)
The skyshark's mind is blasted!!
The skyshark is struck by your spines. The skyshark closely misses you.
The skyshark misses you. The skyshark tail-slaps you!
The black mamba is engulfed in blazing flames.
The black mamba is struck by your spines.
The black mamba misses you. The skyshark completely misses you.
The skyshark tail-slaps you but does no damage.
The skyshark barely misses you.
Aiming: Mindburst
Press: ? - help, Shift-Dir - straight line, f/p - skyshark
Aim: a skyshark (heavily wounded, berserk, chance to affect: 66%)
The skyshark's mind is blasted!!
The now-empty wand crumbles to dust.
The black mamba is engulfed in blazing flames.
The black mamba is struck by your spines.
The black mamba closely misses you. The skyshark bites you.
* * * LOW HITPOINT WARNING * * *
The skyshark barely misses you.
The skyshark tail-slaps you but does no damage.
The black mamba is engulfed in blazing flames.
The black mamba is struck by your spines.
The black mamba completely misses you.
Okay, then.
You feel much better. The skyshark bites you! The skyshark barely misses you.
The skyshark completely misses you.
The black mamba is engulfed in blazing flames.
You kill the black mamba!
The dream sheep shake their wool and sparkle.
You feel drowsy...
You fall asleep.
The skyshark bites you!!!
You die...
Your body glows with a rainbow of weird colours and disappears.

#.... #.......... .....
#.......... ##..........
# ###...Y..Y.P# ##
##.○#..YYY...# .##
#.....#☼YY...# ..###
#....○F○....# ......
#..°.○p....# ......
##.#.°.°...# ......
#..#.§...# ......
###......## .....
##........# ..# ####
###P.......## ###
#..###!.....P......
.######..........P#P....
#..#........P....##.....


You could see a skyshark (berserk) and 7 dream sheep.

Vanquished Creatures
  3 hydras
  A two-headed ogre (D:9)
  3 death yaks
  A boulder beetle (Lair:5)
  2 skysharks
  A deep troll (Lair:4)
  3 lindwurms
  Joseph (D:9)
  3 black mambas
  An elephant (D:7)
  A torpor snail (Lair:5)
  A molten gargoyle (Lair:4)
  A gargoyle (D:11)
  12 cane toads
  9 komodo dragons
  3 rime drakes
  2 trolls
  2 polar bears
  4 dream sheep (Lair:5)
  4 blink frogs (Lair:5)
  A shadow (D:10)
  A wraith (D:11)
  38 yaks
  3 wyverns
  3 basilisks
  A steam dragon (Lair:4)
  An acid dragon (D:9)
  12 water moccasins
  2 orc warriors (D:8)
  2 black bears
  A sky beast (D:8)
  2 ice beasts
  Pargi (D:3)
  2 wolves (D:11)
  4 centaurs
  A gnoll sergeant (D:10)
  10 bullfrogs
  3 scorpions
  6 wights
  A killer bee (D:10)
  3 electric eels (Lair:4)
  2 howler monkeys (D:9)
  2 bombardier beetles (D:4)
  3 hounds
  5 orc priests
  2 sleepcaps
  2 jellies
  An iguana (D:4)
  5 scorpion zombies (Ossuary)
  10 orc wizards
  A hell rat (Lair:3)
  4 mummies
  6 gnolls
  4 adders
  A white imp (D:7)
  2 adder zombies (Ossuary)
  3 ribbon worms
  14 orcs
  6 endoplasms
  4 giant cockroaches
  8 hobgoblins
  5 jackals
  10 kobolds
  5 quokkas
  3 ball pythons
  6 bats
  6 frilled lizards
  2 gnoll zombies (Ossuary)
  14 goblins
  5 jackal zombies (Ossuary)
  3 kobold zombies (Ossuary)
  3 rats (D:2)
303 creatures vanquished.

Vanquished Creatures (collateral kills)
  Erolcha (D:9)
  4 death yaks
  An ugly thing (D:8)
  A troll (D:11)
  A polar bear (D:11)
  A hornet (D:10)
  Grinder (D:3)
  3 yaks (Lair:4)
  Duvessa (D:7)
  3 ice beasts (D:11)
  A centaur (D:5)
  A gnoll sergeant (D:8)
  3 wights (D:7)
  Dowan (D:7)
  14 killer bees
  An orc priest (D:7)
  2 orc wizards (D:7)
  Robin (D:4)
  8 gnolls
  An adder (D:5)
  13 orcs
  4 goblins (D:4)
  A hobgoblin (D:3)
68 creatures vanquished.

Grand Total: 371 creatures vanquished

Notes
Turn   | Place    | Note
-------+----------+-------------------------------------------
     0 | D:1      | dolemite99 the Demonspawn Shapeshifter began the quest for
                  | the Orb.
     0 | D:1      | Reached XP level 1. HP: 15/15 MP: 1/1
   183 | D:1      | Found a faded altar of an unknown god.
   198 | D:1      | Prayed at the altar of an unknown god.
   198 | D:1      | Became a worshipper of Nemelex Xobeh the Trickster
   198 | D:1      | Reached * piety under Nemelex Xobeh
   198 | D:1      | Received a gift from Nemelex Xobeh
   430 | D:1      | Received a gift from Nemelex Xobeh
   610 | D:1      | Gained mutation: Your demonic aura sometimes causes spilled
                  | blood to erupt in flames. [demonic ancestry]
   610 | D:1      | Reached XP level 2. HP: 21/21 MP: 2/2
  1463 | D:2      | Reached skill level 1 in Invocations
  1900 | D:2      | Reached XP level 3. HP: 23/26 MP: 4/4
  2288 | D:2      | Reached skill level 2 in Invocations
  2314 | D:2      | Reached ** piety under Nemelex Xobeh
  2573 | D:3      | Gained mutation: You have large cloven feet. [demonic
                  | ancestry]
  2573 | D:3      | Reached XP level 4. HP: 23/32 MP: 4/6
  2574 | D:3      | Reached skill level 3 in Invocations
  2743 | D:3      | Noticed Pargi
  2758 | D:3      | Killed Pargi
  2759 | D:3      | Reached skill level 4 in Invocations
  2759 | D:3      | Reached XP level 5. HP: 37/37 MP: 6/8
  3191 | D:3      | Noticed Grinder
  3200 | D:3      | Killed Grinder
  3201 | D:3      | Reached skill level 5 in Invocations
  3201 | D:3      | Gained mutation: You are partially covered in sharp spines.
                  | [demonic ancestry]
  3201 | D:3      | Reached XP level 6. HP: 32/43 MP: 8/10
  3385 | D:4      | Noticed Robin
  3399 | D:4      | Killed Robin
  3631 | D:4      | Found a snail-covered altar of Cheibriados.
  3729 | D:4      | Reached skill level 6 in Invocations
  3729 | D:4      | Reached skill level 5 in Shapeshifting
  3866 | D:4      | Found a bloodstained altar of Trog.
  3868 | D:4      | Received a gift from Nemelex Xobeh
  4022 | D:4      | Gained mutation: You are mostly covered in sharp spines.
                  | [demonic ancestry]
  4022 | D:4      | Reached XP level 7. HP: 48/48 MP: 11/11
  4141 | D:4      | Found a shimmering blue altar of Sif Muna.
  4777 | D:5      | Entered Level 5 of the Dungeon
  4789 | D:5      | Reached skill level 7 in Invocations
  5133 | D:5      | Found a staircase to the Ecumenical Temple.
  5133 | D:5      | Reached *** piety under Nemelex Xobeh
  5849 | D:5      | Received a gift from Nemelex Xobeh
  5892 | Temple   | Entered the Ecumenical Temple
  5950 | D:5      | Gained mutation: You are partially covered in yellow
                  | scales. (AC +2) [demonic ancestry]
  5950 | D:5      | Reached XP level 8. HP: 54/54 MP: 13/13
  7340 | D:6      | Received a gift from Nemelex Xobeh
  7369 | D:6      | Identified a scroll of acquirement
  7369 | D:6      | Acquired 845 gold pieces
  7392 | D:6      | Found a sacrificial altar of Ru.
  7402 | D:6      | Reached skill level 5 in Unarmed Combat
  7482 | D:6      | Found an iron altar of Okawaru.
  8070 | D:7      | Reached **** piety under Nemelex Xobeh
  8130 | D:7      | Noticed Duvessa
  8131 | D:7      | Noticed Dowan
  8136 | D:7      | Killed Dowan
  8137 | D:7      | Gained mutation: You have hoof-like feet. [demonic
                  | ancestry]
  8137 | D:7      | Reached XP level 9. HP: 58/59 MP: 14/14
  8141 | D:7      | Killed Duvessa
  8142 | D:7      | Reached skill level 8 in Invocations
  8189 | D:7      | Noticed a boulder beetle
  8190 | D:7      | Received a gift from Nemelex Xobeh
  8200 | D:7      | a boulder beetle changed into an elephant
  8200 | D:7      | Noticed an elephant
  8201 | D:7      | Killed an elephant
  8325 | D:7      | Found a runed translucent gate.
  8325 | D:7      | Found a runed translucent gate.
  8326 | D:7      | Found a runed translucent gate.
  8331 | D:7      | Found a sand-covered staircase.
  8337 | Ossuary  | Entered an ossuary
  8686 | Ossuary  | Reached skill level 9 in Invocations
  8861 | D:7      | Noticed Posi's ghost (novice MiFi)
  8862 | D:7      | Received a gift from Nemelex Xobeh
  9400 | D:8      | Noticed a green ugly thing
  9410 | D:8      | Killed a green ugly thing
  9653 | D:8      | Reached XP level 10. HP: 71/71 MP: 16/16
 10247 | D:9      | Received a gift from Nemelex Xobeh
 10258 | D:9      | Found a stormy altar of Qazlal.
 10318 | D:9      | Found a broken altar of Ashenzari.
 10346 | D:9      | Noticed a two-headed ogre
 10350 | D:9      | Killed a two-headed ogre
 10351 | D:9      | Reached skill level 5 in Fighting
 10351 | D:9      | Reached skill level 5 in Dodging
 10457 | D:9      | Noticed Joseph
 10459 | D:9      | Killed Joseph
 10460 | D:9      | Noticed Erolcha
 10471 | D:9      | Killed Erolcha
 10659 | D:9      | Received a gift from Nemelex Xobeh
 10977 | D:10     | Entered Level 10 of the Dungeon
 11013 | D:10     | Found a transporter.
 11085 | D:10     | Found a staircase to the Orcish Mines.
 11338 | D:10     | Identified the -2 quarterstaff of Tumult {heavy, Int+3}
 11352 | D:10     | Reached ***** piety under Nemelex Xobeh
 11352 | D:10     | Received a gift from Nemelex Xobeh
 11519 | D:10     | Reached skill level 10 in Invocations
 11519 | D:10     | Reached XP level 11. HP: 83/83 MP: 18/18
 11847 | D:11     | Reached skill level 11 in Invocations
 12080 | D:11     | Found a staircase to the Lair.
 12490 | Lair:1   | Entered Level 1 of the Lair of Beasts
 12765 | Lair:1   | Reached skill level 12 in Invocations
 13008 | Lair:1   | Received a gift from Nemelex Xobeh
 13493 | Lair:2   | Found a staircase to the Shoals.
 13511 | Lair:1   | Reached skill level 10 in Shapeshifting
 14093 | Lair:2   | Reached skill level 13 in Invocations
 14474 | Lair:2   | Noticed occam's ghost (journeyman CoGl)
 14475 | Lair:2   | Found a runed translucent gate.
 14476 | Lair:2   | Found a runed translucent gate.
 14477 | Lair:2   | Found a runed translucent gate.
 14540 | Lair:2   | Reached XP level 12. HP: 85/91 MP: 21/21
 14769 | Lair:2   | Found a blossoming altar of Fedhas.
 15340 | Lair:3   | Received a gift from Nemelex Xobeh
 15495 | Lair:3   | Found a hole to the Spider Nest.
 15663 | Lair:3   | Noticed a seven-headed hydra
 15837 | Lair:3   | Killed a seven-headed hydra
 16322 | Lair:3   | Noticed a seven-headed hydra
 16350 | Lair:3   | Killed a seven-headed hydra
 16561 | Lair:3   | Reached skill level 1 in Evocations
 16951 | Lair:3   | Received a gift from Nemelex Xobeh
 17269 | Lair:4   | Noticed a death yak
 17283 | Lair:4   | a death yak changed into a deep troll
 17497 | Lair:4   | Noticed a death yak
 17497 | Lair:4   | Noticed a death yak
 17511 | Lair:4   | Killed a death yak
 17515 | Lair:4   | Killed a death yak
 17516 | Lair:4   | Gained mutation: Your demonic aura often causes spilled
                  | blood to erupt in flames. [demonic ancestry]
 17516 | Lair:4   | Reached XP level 13. HP: 98/101 MP: 22/22
 17712 | Lair:4   | Received a gift from Nemelex Xobeh
 17804 | Lair:4   | Found the +11 plutonium sword {^Contam Stlth-}
 17880 | Lair:4   | Identified the +6 chain mail "Himun" {rN++ Dex+3}
 18258 | Lair:5   | Entered Level 5 of the Lair of Beasts
 18426 | Lair:5   | Found a staircase to the Slime Pits.
 18632 | Lair:5   | Reached skill level 14 in Invocations
 18910 | Lair:5   | Slain by a skyshark

Illustrated notes

Levels and vault maps discovered:
D:1:      enne_arrival_octagon_isle, layout_basic, basic_ecumenical_altar
D:2:      layout_rooms, lexackson_kobold_supper
D:3:      layout_basic, kennysheep_generic_room_12, uniq_pargi, uniq_grinder
D:4:      cheibrodos_quashed, layout_basic, mainiacjoe_overflow_catwalk,
          amcnicky_altar_gilded, mainiacjoe_overflow_24_doors,
          kennysheep_generic_room_8, uniq_robin
D:5:      layout_basic, minmay_temple_entry_statues_fountains, serial_rivers,
          chequers_serial_rivers_micro_a, chequers_serial_rivers_micro_a,
          chequers_serial_rivers_micro_b, chequers_serial_rivers_room_b
D:6:      layout_rooms, nicolae_ru_great_annihilating_truth,
          mainiacjoe_overflow_surrounded_room, tso_altar
D:7:      layout_cave_pools, gup_ossuary_entry_pyramid,
          gammafunk_ghost_necromancy, uniq_duvessa
D:8:      layout_basic
D:9:      layout_cave_pods, mainiacjoe_overflow_cross_hatched,
          lemuel_crystal_altar, uniq_erolcha, uniq_joseph
D:10:     layout_loops_ring, orc_0_dummy, hangedman_decor_opposing,
          nicolae_diode_basic
D:11:     layout_loops_cross, hellmonk_lair_entry_icy
Temple:   eino_temple_lava
Lair:1:   layout_loops_ring
Lair:2:   layout_small_grid, minmay_shoals_entry_centaurs,
          gauntlet_entry_generic, gammafunk_ghost_split, tgw_fedhas,
          lemuel_fruit_fields, lemuel_fruit_fields, lemuel_fruit_tree
Lair:3:   nzn_winding_woodlands_cross [nzn_winding_woodlands_5x15_garden,
          nzn_winding_woodlands_5x15_pool, nzn_winding_woodlands_5x15_default,
          nzn_winding_woodlands_5x15_concentric,
          nzn_winding_woodlands_15x15_eel_pit], layout_cave_pods,
          spider_nest_entry_web_field, serial_forest,
          infiniplex_forest_straight_2, infiniplex_forest_clump_cross,
          infiniplex_forest_diagonal, infiniplex_forest_fountain,
          infiniplex_forest_corner_1, infiniplex_forest_lined_3,
          nicolae_lair_lindhole
Lair:4:   layout_gridlike, serial_bayou_shore_a, serial_bayou_shore_b,
          infiniplex_staircase_pool
Lair:5:   hangedman_lair_in_review, layout_cave_pods, dpeg_slime_entry_enclosed

Skill      XL: |  1  2  3  4  5  6  7  8  9 10 11 12 13 |
---------------+----------------------------------------+-----
Shapeshifting  | 3 4 5 6 7 8 10 | 10.8
Invocations    | 1 2 4 5 6 7 9 10 13 14 | 14.1
Unarmed Combat | 4 6 7 9 |  9.8
Dodging        | 3 6 7 8 |  8.6
Fighting       | 3 6 7 9 |  9.4
Evocations     | 4 |  4.5

Action                     |  1- 3 |  4- 6 |  7- 9 | 10-12 | 13-15 || total
---------------------------+-------+-------+-------+-------+-------++-------
  Melee: Unarmed           |    99 |   109 |   187 |   356 |   102 ||   853
         Punch             |     4 |       |     4 |       |       ||     8
   Fire: Shortbow          |       |       |    43 |     3 |       ||    46
  Throw: Boomerang         |    16 |    10 |    10 |       |       ||    36
 Invoke: Draw Destruction  |     1 |     6 |    10 |    27 |     7 ||    51
         Draw Summoning    |     2 |     2 |     7 |    13 |     3 ||    27
         Draw Escape       |       |       |     1 |     6 |     1 ||     8
         Deal Four         |       |       |     1 |       |       ||     1
Ability: Begin Untransform |     1 |       |       |       |       ||     1
  Evoke: Wand              |       |       |    13 |    46 |     5 ||    64
    Use: Scroll            |     6 |     3 |     6 |     9 |       ||    24
         Potion            |       |     1 |       |     3 |     2 ||     6
   Stab: Sleeping          |       |       |     1 |       |       ||     1
         Distracted        |       |       |       |     1 |       ||     1
 Armour: Animal skin       |    56 |   123 |    55 |       |       ||   234
         Skin              |       |    20 |    41 |   290 |    54 ||   405
  Dodge: Dodged            |    55 |   118 |   127 |   369 |    93 ||   762
   Form: Flux              |       |       |     1 |       |       ||     1

Table legend: (Time is in decaauts)
 A = Elapsed time spent in this place.
 B = Non-inter-level travel time spent in this place.
 C = Inter-level travel time spent in this place.
 D = Time resting spent in this place.
 E = Time spent auto-exploring this place.
 F = Levels seen in this place.
 G = Mean time per level.
                   A        B        C        D        E       F      G
               +--------+--------+--------+--------+--------+-----+--------+
         Total |  18864 |  18373 |    491 |   5888 |   9049 |  18 | 1048.0 |
       Dungeon |  11988 |  11645 |    343 |   3804 |   5737 |  11 | 1089.8 |
        Temple |      1 |      1 |      0 |      0 |      0 |   1 |    1.0 |
          Lair |   6372 |   6224 |    148 |   1771 |   3278 |   5 | 1274.4 |
       Ossuary |    501 |    501 |      0 |    313 |     34 |   1 |  501.0 |
               +--------+--------+--------+--------+--------+-----+--------+

Top non-repeatable levels by time:
     D:5: 2134 daAuts
  Lair:3: 1861 daAuts
  Lair:1: 1439 daAuts
     D:4: 1389 daAuts
     D:1: 1371 daAuts
  Lair:4: 1256 daAuts
  Lair:2: 1167 daAuts
     D:2: 1160 daAuts
     D:6: 1120 daAuts
     D:9: 893 daAuts
     D:3: 851 daAuts
     D:7: 804 daAuts
    D:10: 798 daAuts
     D:8: 749 daAuts
    D:11: 715 daAuts
